 Dungeon Crawl Stone Soup version 0.18.1-48-g4cf74bf (webtiles) character file.

6334 nikopol the Spear-Bearer (level 10, -1/91 HPs)
             Began as a Minotaur Berserker on Aug 2, 2016.
             Was a High Priest of Trog.
             Slain by an unseen horror (5 damage)
             ... on level 10 of the Dungeon on Aug 3, 2016.
             The game lasted 00:20:54 (9707 turns).

nikopol the Spear-Bearer (Minotaur Berserker)       Turns: 9707, Time: 00:20:54

Health: -1/91      AC:  7    Str: 22    XL:     10   Next: 64%
Magic:  9/9        EV: 15    Int:  4    God:    Trog [*****.]
Gold:   427        SH:  0    Dex: 13    Spells: 0 memorised, 9 levels left

rFire  . . .     SeeInvis .     a - +0 trident (venom)
rCold  . . .     Gourm    .     K - +0 ring mail {rPois}
rNeg   + . .     Faith    .     (no shield)
rPois  +         Spirit   .     (helmet restricted)
rElec  .         Dismiss  .     (no cloak)
rCorr  .         Reflect  .     (no gloves)
SustAt .         Harm     .     (no boots)
MR     .....                    q - amulet of magic regeneration
Stlth  +.........               (no ring)
                                l - ring of positive energy

@: not resistant to hostile enchantments, very unstealthy
A: retaliatory headbutt, horns 2
a: Berserk, Trog's Hand, Brothers in Arms, Burn Spellbooks, Renounce Religion


You were on level 10 of the Dungeon.
You worshipped Trog.
Trog was extremely pleased with you.
You were not hungry.

You visited 1 branch of the dungeon, and saw 10 of its levels.

You collected 630 gold pieces.
You spent 203 gold pieces at shops.

Inventory:

Hand Weapons
 a - a +0 trident of venom (weapon)
 z - a +0 shortbow of velocity
Missiles
 o - 87 arrows (quivered)
Armour
 K - a +0 ring mail of poison resistance (worn)
Jewellery
 l - a ring of positive energy (left hand)
 q - an amulet of magic regeneration (around neck)
 L - the amulet of Vitality {Regen+ HP+15}
   (You found it on level 9 of the Dungeon)

   [amulet of regeneration]

   It affects your health (+15).
   It increases your rate of regeneration.
 Q - the amulet of Zerhyts {*Corrode rC++ Regen+ Int+8, unknown}
   (You found it on level 10 of the Dungeon)

   [amulet of regeneration]

   It affects your intelligence (+8).
   It greatly protects you from cold.
   It increases your rate of regeneration.
   It may corrode you when you take damage.
Wands
 r - a wand of flame (15/48)
 v - a wand of digging (21/24)
 D - a wand of disintegration (20/24)
 F - a wand of iceblast (10/15)
 H - a wand of slowing (30/48)
 J - a wand of flame (21/48)
 O - a wand of digging (8/24)
Scrolls
 e - 2 scrolls of blinking {unknown}
 g - 2 scrolls of fog {unknown}
 h - 5 scrolls of teleportation {unknown}
 j - 2 scrolls of amnesia {unknown}
 n - 9 scrolls of remove curse {unknown}
 t - 6 scrolls of enchant weapon {unknown}
 u - a scroll of recharging {unknown}
 w - a scroll of enchant armour {unknown}
 y - 3 scrolls of identify
 C - a scroll of fear {unknown}
 G - a scroll of magic mapping {unknown}
Potions
 f - a potion of heal wounds {unknown}
 i - 6 potions of curing
 k - a potion of flight
 m - 2 potions of brilliance
 s - a potion of agility
 x - a potion of ambrosia
 A - 2 potions of berserk rage {unknown}
 B - a potion of haste
 E - 3 potions of cancellation {unknown}
 M - a potion of might {unknown}
 P - a potion of mutation {unknown}
Books
 N - a book of Maledictions

   Spells                             Type                      Level
   a - Corona                         Hexes                        1
   b - Ensorcelled Hibernation        Hexes/Ice                    2
   c - Confuse                        Hexes                        3
   d - Tukima's Dance                 Hexes                        3
   e - Dazzling Spray                 Conjuration/Hexes            3
   Trog disapproves of the use of such an item.
Comestibles
 b - 2 slices of pizza
 c - 6 bread rations
 d - 4 meat rations
 p - 2 fruits
 I - 4 chunks of flesh


   Skills:
 + Level 9.2 Fighting
 * Level 10.8 Polearms
 * Level 6.5 Bows
 + Level 9.0 Armour
 + Level 8.1 Dodging


You had 9 spell levels left.
You didn't know any spells.

Dungeon Overview and Level Annotations

Branches:
Dungeon (10/15)            Temple (0/1) D:7
   Lair: D:8-11         Orc: D:9-12

Altars:
Cheibriados
Elyvilon
Gozag
Makhleb
Nemelex Xobeh
Okawaru
Pakellas
Qazlal
Ru
Trog
Xom
Yredelemnul
The Shining One

Shops:
D:7 [*   D:9 *

Annotations:
D:6 exclusion: oklob plant


Innate Abilities, Weirdness & Mutations

You reflexively headbutt those who attack you in melee.
You have a pair of horns on your head.


Message History

You closely miss something. Something barely misses you. Something hits you.
* * * LOW HITPOINT WARNING * * *
You puncture something! Something barely misses you. Something hits you.
* * * LOW HITPOINT WARNING * * *
Something hits you but does no damage.
You closely miss something. Something hits you!
* * * LOW HITPOINT WARNING * * *
Something hits you.
* * * LOW HITPOINT WARNING * * *
You closely miss something. Your headbutt misses something. Something hits you.
* * * LOW HITPOINT WARNING * * *
Something barely misses you.
Drink which item? (? for menu, Esc to quit)
Okay, then.
Read which item? (? for menu, Esc to quit)
Okay, then.
Something hits you but does no damage. Something hits you.
You die...

.
#.##...####.#
.# #..## ###
##.# #.# ##.#
#.## #.# #.#
#@# #.## ## .#
#..######.# .#
##.....#.# #.#
###....# #..
##...# #..
###....#
#..###...###.#
#......## #


There were no monsters in sight!

Vanquished Creatures
  Pikel (D:8)
  A troll (D:9)
  A two-headed ogre (D:9)
  Sigmund (D:2)
  3 yaks (D:9)
  A water moccasin (D:7)
  A slave (D:8)
  4 orc warriors
  4 ice beasts
  A black bear (D:8)
  A wasp (D:8)
  4 ogres
  3 sky beasts
  A centaur (D:7)
  2 giant frogs
  4 scorpions
  21 killer bees
  2 howler monkeys
  5 wights (D:9)
  9 crimson imps
  6 jellies
  7 orc priests
  A giant frog skeleton (D:5)
  2 hounds (D:9)
  7 orc wizards
  Jessica (D:2)
  An iguana (D:9)
  9 worker ants
  2 hound skeletons
  7 gnolls
  6 adders
  3 shadow imps
  14 oozes (D:6)
  An adder skeleton (D:5)
  An adder zombie (D:7)
  3 worms (D:2)
  2 dart slugs
  6 giant geckos
  29 orcs
  5 giant cockroaches
  5 goblins
  8 hobgoblins
  5 jackals
  4 quokkas
  A ball python (D:8)
  3 bats
  A giant newt (D:1)
  11 kobolds
  A quokka skeleton (D:7)
  5 rats
227 creatures vanquished.

Vanquished Creatures (others)
  2 slaves (D:8)
  A howler monkey (D:8)
  A hound (D:8)
  2 worker ants (D:8)
  A gnoll (D:8)
  7 fungi (D:6)
14 creatures vanquished.

Grand Total: 241 creatures vanquished

Notes
Turn   | Place    | Note
--------------------------------------------------------------
     0 | D:1      | nikopol the Minotaur Berserker began the quest for the Orb.
     0 | D:1      | Reached XP level 1. HP: 19/19 MP: 0/0
   247 | D:1      | Reached XP level 2. HP: 27/27 MP: 1/1
   564 | D:2      | Found a sacrificial altar of Ru.
   639 | D:2      | Noticed Jessica
   642 | D:2      | Killed Jessica
   642 | D:2      | Reached skill level 4 in Polearms
   642 | D:2      | Reached XP level 3. HP: 25/33 MP: 2/2
   674 | D:2      | Found an iron altar of Okawaru.
   691 | D:2      | Reached ** piety under Trog
   705 | D:2      | Found a sparkling altar of Nemelex Xobeh.
   785 | D:2      | Reached XP level 4. HP: 36/40 MP: 3/3
  1252 | D:2      | Noticed Sigmund
  1276 | D:2      | Killed Sigmund
  1276 | D:2      | Reached skill level 5 in Fighting
  1276 | D:2      | Reached skill level 5 in Polearms
  1276 | D:2      | Reached XP level 5. HP: 13/48 MP: 4/4
  2038 | D:3      | Reached XP level 6. HP: 48/56 MP: 5/5
  2176 | D:3      | Found an oddly glowing altar of Pakellas.
  2551 | D:4      | Found a snail-covered altar of Cheibriados.
  2733 | D:4      | Found a burning altar of Makhleb.
  2885 | D:5      | Entered Level 5 of the Dungeon
  3022 | D:5      | Reached *** piety under Trog
  3022 | D:5      | Reached skill level 6 in Polearms
  3022 | D:5      | Reached skill level 5 in Armour
  3022 | D:5      | Reached XP level 7. HP: 21/62 MP: 6/6
  3410 | D:5      | Found a basalt altar of Yredelemnul.
  3587 | D:5      | Reached skill level 5 in Dodging
  3605 | D:5      | Found an opulent altar of Gozag.
  3798 | D:5      | Found a bloodstained altar of Trog.
  3941 | D:5      | Found a shimmering altar of Xom.
  4031 | D:6      | Noticed an oklob plant
  4062 | D:6      | Reached XP level 8. HP: 43/71 MP: 7/7
  4118 | D:6      | Reached skill level 7 in Polearms
  4317 | D:6      | Found a white marble altar of Elyvilon.
  5027 | D:6      | Reached **** piety under Trog
  5203 | D:7      | Reached skill level 8 in Polearms
  5382 | D:7      | Found Oddab's General Store.
  5386 | D:7      | Bought a +0 ring mail of poison resistance for 112 gold pieces
  5386 | D:7      | Bought a +0 shortbow of velocity for 91 gold pieces
  6255 | D:7      | Reached XP level 9. HP: 79/80 MP: 8/8
  6334 | D:7      | Found Wiofih's Armour Shop.
  6345 | D:7      | Reached skill level 1 in Bows
  6822 | D:7      | Found a glowing golden altar of the Shining One.
  6962 | D:7      | Found a staircase to the Ecumenical Temple.
  7473 | D:8      | Reached skill level 9 in Polearms
  7516 | D:8      | Noticed Pikel
  7557 | D:8      | Killed Pikel
  7626 | D:8      | Received a gift from Trog
  7741 | D:8      | Found a glowing golden altar of the Shining One.
  8338 | D:9      | Found a stormy altar of Qazlal.
  8341 | D:9      | Reached XP level 10. HP: 90/90 MP: 9/9
  8419 | D:9      | Reached skill level 10 in Polearms
  8627 | D:9      | Reached skill level 5 in Bows
  8904 | D:9      | Found Gefeext's Assorted Antiques.
  9078 | D:9      | Reached ***** piety under Trog
  9376 | D:10     | Entered Level 10 of the Dungeon
  9533 | D:10     | Got a brightly glowing platinum amulet
  9704 | D:10     | HP: 4/91 [something (6)]
  9707 | D:10     | Slain by an unseen horror

Skill      XL: |  1  2  3  4  5  6  7  8  9 10 |
---------------+-------------------------------+-----
Fighting       | 4 5 6 7 8 9 |  9.2
Polearms       | 4 5 6 8 9 10 | 10.8
Armour         | 3 4 5 6 7 8 9 |  9.0
Dodging        | 3 4 5 6 7 8 |  8.1
Bows           | 4 6 |  6.5

Action                   |  1- 3 |  4- 6 |  7- 9 | 10-12 || total
-------------------------+-------+-------+-------+-------++-------
Melee: Spear             |    66 |    64 |       |       ||   130
       Headbutt          |    10 |    18 |    53 |    29 ||   110
       Trident           |       |    56 |   273 |   135 ||   464
 Fire: Shortbow          |       |       |   112 |    79 ||   191
Invok: Berserk           |       |     3 |     5 |       ||     8
       Burn Spellbooks   |       |     2 |     1 |       ||     3
       Trog's Hand       |       |       |     2 |       ||     2
  Use: Scroll            |       |       |     7 |       ||     7
       Potion            |       |       |     2 |       ||     2
  Eat: Royal jelly       |       |     1 |       |       ||     1
       Chunk             |       |     7 |    13 |     5 ||    25
       Beef jerky        |       |       |     2 |       ||     2
       Bread ration      |       |       |     1 |       ||     1
       Fruit             |       |       |     1 |     1 ||     2
Armor: Animal skin       |     2 |       |       |       ||     2
       Leather armour    |     4 |     6 |       |       ||    10
       Scale mail        |       |    21 |    22 |       ||    43
       Ring mail         |       |       |    30 |    36 ||    66
Dodge: Dodged            |    17 |    27 |   128 |    93 ||   265
